 Dungeon Crawl Stone Soup version 0.27.1-3-gb3d3a73c9e (webtiles) character file.

Game seed: 3707997221199105837

83158 belegose the Thaumaturge (level 14, -6/113 HPs)
             Began as a Demigod Ice Elementalist on Oct 12, 2021.
             Mangled by a demonic crawler (9 damage)
             ... on level 4 of the Lair of Beasts.
             The game lasted 02:44:13 (43476 turns).

belegose the Thaumaturge (DgIE)                    Turns: 43476, Time: 02:44:13

Health: -6/113     AC: 14    Str: 17    XL:     14   Next: 92%
Magic:  19/32      EV: 14    Int: 25    God:
Gold:   778        SH:  0    Dex: 21    Spells: 7/33 levels left

rFire    + . .     SeeInvis .   Y - +8 flail of the Seven Bones {venom, rC+ Dex+7}
rCold    + . .     Faith    .   (no shield)
rNeg     . . .     Spirit   .   E - +2 leather armour {rPois}
rPois    +         Reflect  .   y - +1 helmet
rElec    .         Harm     .   w - +0 cloak
rCorr    +         Rampage  .   Q - +2 pair of gloves
Will     +....                  c - +2 pair of boots
Stlth    +++.......             (no amulet)
HPRegen  0.28/turn              I - ring of Mirth {rCorr Slay+5}
MPRegen  0.23/turn              X - ring of protection from fire

@: no status effects
A: high mp 1, forlorn
a: no special abilities


You were on level 4 of the Lair of Beasts.
You visited 5 branches of the dungeon, and saw 24 of its levels.

You collected 2148 gold pieces.
You spent 1370 gold pieces at shops.

Inventory:

Hand Weapons
 j - a +0 demon trident of venom
 L - a +4 whip of electrocution
 Y - the +8 flail of the Seven Bones (weapon) {venom, rC+ Dex+7}
   (You found it on level 10 of the Dungeon)

   It poisons the flesh of those it strikes.
   Dex:       It affects your dexterity (+7).
   rC:        It protects you from cold.
Missiles
 e - 9 curare-tipped darts
 n - 31 boomerangs (quivered)
 o - 107 poisoned darts
 r - 3 javelins
Armour
 b - a +0 troll leather armour
 c - a +2 pair of boots (worn)
 w - a +0 cloak (worn)
 y - a +1 helmet (worn)
 A - a +0 leather armour of fire resistance
 E - a +2 leather armour of poison resistance (worn)
 N - a +1 kite shield of reflection
 Q - a +2 pair of gloves (worn)
Jewellery
 m - a ring of willpower
 I - the ring of Mirth (left hand) {rCorr Slay+5}
   (You bought it in a shop on level 2 of the Orcish Mines)

   [ring of resist corrosion]

   Slay:      It affects your accuracy & damage with ranged weapons and melee
   (+5).
   rCorr:     It protects you from acid and corrosion.
 K - a ring of positive energy
 O - a ring of flight
 V - a ring of fire
 X - a ring of protection from fire (right hand)
Wands
 d - a wand of paralysis (4)
 p - a wand of acid (12)
 F - a wand of iceblast (15)
 G - a wand of flame (74)
 H - a wand of digging (5)
 J - a wand of charming (8)
 R - a wand of polymorph (26)
 Z - a wand of mindburst (10)
Scrolls
 f - a scroll of summoning
 g - a scroll of silence
 q - 8 scrolls of fog
 s - 15 scrolls of teleportation
 t - 3 scrolls of identify
 x - 2 scrolls of fear
 z - 2 scrolls of magic mapping
 D - 5 scrolls of blinking
Potions
 a - a potion of heal wounds
 h - 2 potions of magic
 i - 2 potions of haste
 l - 2 potions of cancellation
 u - 7 potions of ambrosia
 v - 2 potions of attraction
 B - a potion of invisibility
 C - 4 potions of curing
 P - 3 potions of flight
 S - a potion of mutation
 U - 2 potions of berserk rage
 W - a potion of lignification
Miscellaneous
 M - a phantom mirror
 T - a phial of floods


   Skills:
 - Level 7.5 Fighting
 - Level 1.4 Long Blades
 - Level 5.9 Maces & Flails
 - Level 6.5 Throwing
 - Level 3.0 Armour
 + Level 3.7 Dodging
 - Level 6.0 Stealth
 + Level 3.6 Shields
 - Level 10.0 Spellcasting
 - Level 4.9 Conjurations
 - Level 7.6 Summonings
 - Level 7.7 Necromancy
 - Level 3.0 Translocations
 - Level 7.6 Ice Magic
 - Level 3.9 Air Magic
 + Level 8.6 Earth Magic
 - Level 3.9 Poison Magic
 - Level 6.5 Evocations


You had 7 spell levels left.
You knew the following spells:

 Your Spells              Type           Power      Damage    Failure   Level
a - Freeze                Ice            100%       1d11      1%          1
b - Stone Arrow           Conj/Erth      92%        3d12      1%          3
c - Summon Ice Beast      Ice/Summ       50%        N/A       2%          4
d - Frozen Ramparts       Ice            100%       1d12      1%          3
e - Blink                 Tloc           N/A        N/A       2%          2
f - Borgnjor's Vile Clut  Necr/Erth      26%        N/A       5%          5
g - Poisonous Vapours     Pois/Air       64%        N/A       1%          2
h - Mephitic Cloud        Conj/Pois/Air  33%        N/A       3%          3
i - Swiftness             Air            32%        N/A       3%          3

Your spell library contained the following spells:

 Spells                   Type           Power      Damage    Failure   Level
 Passwall                 Tmut/Erth      28%        N/A       1%          2
 Static Discharge         Conj/Air       34%        N/A       1%          2
 Ozocubu's Armour         Ice            50%        N/A       1%          3
 Animate Armour           Summ/Erth      100%       N/A       1%          4
 Sting                    Tmut/Pois      88%        1d7       2%          1
 Dispel Undead            Necr           51%        3d19      2%          4
 Gell's Gravitas          Tloc           13%        N/A       4%          3
 Teleport Other           Tloc           27%        N/A       4%          3
 Hailstorm                Conj/Ice       43%        3d10      4%          4
 Spider Form              Tmut/Pois      11%        N/A       8%          3
 Ice Form                 Ice/Tmut       31%        N/A       12%         4
 Olgreb's Toxic Radiance  Pois           32%        N/A       12%         4
 Passage of Golubria      Tloc           N/A        N/A       17%         4
 Sticky Flame             Conj/Fire      24%        2d5       22%         4
 Iron Shot                Conj/Erth      23%        9d5       50%         6
 Irradiate                Conj/Tmut      12%        3d18      52%         5
 Alistair's Intoxication  Tmut/Pois      14%        N/A       58%         5
 Silence                  Hex/Air        11%        N/A       58%         5
 Blade Hands              Tmut           6%         N/A       85%         5
 Dispersal                Tloc           13%        N/A       95%         6
 Eringya's Noxious Bog    Tmut/Pois      11%        N/A       99%         6
 Invisibility             Hex            6%         N/A       100%        6
 Dragon Form              Tmut           6%         N/A       100%        7
 Disjunction              Tloc           13%        N/A       100%        8
 Lehudib's Crystal Spear  Conj/Erth      23%        10d6      100%        8


Dungeon Overview and Level Annotations

Branches:
Dungeon (14/15)            Temple (1/1) D:4            Lair (6/6) D:9
 Shoals (0/4) Lair:3       Spider (1/4) Lair:4        Slime (0/5) Lair:6
    Orc (2/2) D:10            Elf (0/3) Orc:2
 Vaults: D:13-14

Shops:
Orc:2 =(?*

Portals:
Pandemonium: Orc:2

Annotations:
D:5 2 transporters, bnorton916's ghost, novice DECj
Lair:2 3 runed translucent doors, exclusion: 3 doors, jlumianski's ghost, journeyman DDFi


Innate Abilities, Weirdness & Mutations

Your attributes grow dramatically as you level up.
You have an increased reservoir of magic. (+10% MP)
You shall have no god before yourself.


Message History

The wolf spider is engulfed in noxious fumes.
The wolf spider appears confused.
The wolf spider hits the wolf spider!
The wolf spider closely misses the wolf spider.
The wolf spider is engulfed in noxious fumes.
The wolf spider appears confused.
The wolf spider hits itself!
The wolf spider bites itself.
The demonic crawler hits you but does no damage.
The demonic crawler hits you.
* * * LOW HITPOINT WARNING * * *
The demonic crawler hits you!
* * * LOW HITPOINT WARNING * * *
You climb upwards.
Welcome back to the Lair of Beasts!
There is a hole to the Spider Nest, spattered with blood here.
Casting: Mephitic Cloud (mildly dangerous; 3% risk of failure)
Confirm with . or Enter, or press ? or * to list all spells.
You blink.
Unknown command.
Casting: Blink (safe; 2% risk of failure)
Confirm with . or Enter, or press ? or * to list all spells.
A chill wind blows around you.
Your ice beast barely misses the demonic crawler.
Casting: Summon Ice Beast (mildly dangerous; 2% risk of failure)
Confirm with . or Enter, or press ? or * to list all spells.
A chill wind blows around you. The demonic crawler hits you.
* * * LOW HITPOINT WARNING * * *
The demonic crawler hits you but does no damage.
The demonic crawler misses you.
Your ice beast hits the demonic crawler but does no damage.
Casting: Summon Ice Beast (mildly dangerous; 2% risk of failure)
Confirm with . or Enter, or press ? or * to list all spells.
A chill wind blows around you.
The demonic crawler barely misses you. x2
The demonic crawler hits you!
* * * LOW HITPOINT WARNING * * *
Your ice beast hits the demonic crawler but does no damage.
Your ice beast hits the demonic crawler.
Your ice beast freezes the demonic crawler!
The demonic crawler resists.
The demonic crawler hits you.
* * * LOW HITPOINT WARNING * * *
The demonic crawler barely misses you. The demonic crawler hits you!
You die...

#.####P##.# ####.#..#P###
......^...# #...........##
..........###............#
..........P#............## ##
...<......##............########.
.........>..#...................#
.....<.....................#...#.
#.###P..#.......Y#.#.....###.....
####...###..#.##@.......##^^...##
##.## ######Ys......#^^^^..###
#..# #....Y...####^...#^^^ #.##
##...8...+...#...^^^^. #.#
##.............^s.^>^..
#.#####.......####+....#^^s..
####.##...8...(.####.....##^^^.
#..8.##............#..^..^##^#.
#..................s......^###.


You could see a demonic crawler (ally target) and 3 friendly ice beasts.

Vanquished Creatures
  A tengu reaver (D:13)
  4 hydras
  2 boulder beetles
  A centaur warrior (D:13)
  A tengu warrior (D:12)
  4 two-headed ogres (D:12)
  5 death yaks
  2 soul eaters
  An infernal demonspawn (Orc:2)
  3 orc knights
  A gelid demonspawn (Orc:2)
  5 lindwurms
  2 orb spiders (Spider:1)
  3 deep elf pyromancers (D:11)
  A harpy (D:12)
  3 deep elf zephyrmancers (D:11)
  2 wolf spiders
  A manticore (D:13)
  An ugly thing (D:8)
  11 orc sorcerers
  4 elephants
  2 black mambas
  2 unseen horrors
  6 rime drakes
  3 cane toads
  A torpor snail (Lair:6)
  3 kobold demonologists
  A demonic crawler (Lair:4)
  A tengu conjurer (D:14)
  8 komodo dragons
  An ice devil (Orc:2)
  A komodo dragon (shapeshifter) (D:13)
  2 polar bears
  A merfolk (Lair:3)
  A queen bee (Lair:4)
  3 trolls
  3 meliai (Lair:4)
  A hornet (Lair:6)
  2 slime creatures (D:12)
  3 jumping spiders
  A snapping turtle (Lair:6)
  A dream sheep (Lair:3)
  12 blink frogs
  3 wraiths
  A shadow (D:10)
  6 redbacks
  Sigmund (D:3)
  A tarantella (Lair:4)
  6 wyverns
  A vampire (D:13)
  6 basilisks
  A basilisk (shapeshifter) (D:13)
  17 yaks
  2 steam dragons
  4 vampire mosquitoes (D:13)
  2 wargs
  14 water moccasins
  An acid dragon (D:11)
  2 ice beasts
  3 sky beasts
  31 orc warriors
  3 black bears
  13 wolves
  7 centaurs
  7 ogres
  3 kobold brigands
  11 bullfrogs
  23 killer bees (Lair:4)
  8 wights
  7 howler monkeys
  A nameless horror (Lair:3)
  A bullfrog zombie (D:5)
  5 centaur zombies
  4 hounds
  27 orc priests
  2 centaur skeletons
  4 iguanas
  13 orc wizards
  3 hell rats (Lair:5)
  3 killer bee zombies
  A howler monkey zombie (D:9)
  3 gnolls (D:7)
  7 adders
  A howler monkey skeleton (D:4)
  3 white imps
  3 ufetubi
  3 worms
  4 dart slugs
  78 orcs
  3 bats
  8 endoplasms
  3 giant cockroaches
  10 goblins
  4 hobgoblins
  A quokka (D:3)
  3 ball pythons
  2 frilled lizards (D:1)
  14 kobolds
  A quokka skeleton (D:4)
  2 rats
  A butterfly (Lair:6)
519 creatures vanquished.

Vanquished Creatures (collateral kills)
  An orc warlord (D:10)
  A fire dragon (D:13)
  A boulder beetle (Lair:2)
  8 hydras
  2 catoblepae
  An ogre mage (D:12)
  6 two-headed ogres
  A tengu warrior (D:13)
  4 death yaks
  An orc high priest (Orc:2)
  An infernal demonspawn (Orc:2)
  2 harpies (D:12)
  3 deep elf zephyrmancers (D:11)
  An orc knight (Orc:2)
  4 orc sorcerers
  A cyclops (Orc:2)
  A deep elf pyromancer (D:11)
  A manticore (Lair:6)
  3 ugly things
  3 elephants (Lair:3)
  4 black mambas
  4 cane toads
  An efreet (D:13)
  A yaktaur (Orc:2)
  4 komodo dragons
  A red devil (Orc:2)
  A troll (Orc:1)
  A merfolk (Lair:3)
  A polar bear (Lair:3)
  4 blink frogs
  7 slime creatures (D:12)
  10 dream sheep
  A snapping turtle (Lair:6)
  A redback (Lair:4)
  A vampire (D:13)
  6 yaks
  A basilisk (D:13)
  A steam dragon (Lair:6)
  4 vampire mosquitoes (D:11)
  A water moccasin (Lair:6)
  7 orc warriors
  A tengu (shapeshifter) (D:12)
  3 wolves (Lair:3)
  3 kobold brigands (D:13)
  A nameless horror (Orc:2)
  A bullfrog (Lair:5)
  An orc priest (Orc:2)
  An orc wizard (D:10)
  3 hell rats (Lair:5)
  2 orcs
  2 kobolds (D:13)
126 creatures vanquished.

Vanquished Creatures (others)
  An orc wizard (Orc:1)
  35 fungi
  53 plants
  A withered plant (D:12)
90 creatures vanquished.

Grand Total: 735 creatures vanquished

Notes
Turn   | Place    | Note
-------+----------+-------------------------------------------
     0 | D:1      | belegose the Demigod Ice Elementalist began the quest for
                  | the Orb.
     0 | D:1      | Reached XP level 1. HP: 14/14 MP: 5/5
   278 | D:1      | Reached skill level 2 in Spellcasting
   487 | D:1      | Reached XP level 2. HP: 22/22 MP: 2/7
   862 | D:1      | Reached skill level 1 in Fighting
  1430 | D:2      | Reached XP level 3. HP: 25/28 MP: 6/9
  2474 | D:3      | Reached XP level 4. HP: 13/36 MP: 10/10
  3360 | D:3      | Noticed Sigmund
  3812 | D:4      | Found a staircase to the Ecumenical Temple.
  3833 | D:4      | Reached skill level 3 in Spellcasting
  3833 | D:4      | Reached XP level 5. HP: 36/42 MP: 7/12
  3874 | Temple   | Entered the Ecumenical Temple
  3929 | D:4      | Noticed an ogre
  3941 | D:4      | Learned a level 3 spell: Stone Arrow
  4028 | D:4      | Killed an ogre
  4029 | D:4      | Reached skill level 1 in Conjurations
  4092 | D:4      | Noticed an ice beast
  4102 | D:4      | Killed an ice beast
  4103 | D:4      | Reached skill level 1 in Earth Magic
  4103 | D:4      | Reached XP level 6. HP: 51/51 MP: 12/14
  4353 | D:5      | Entered Level 5 of the Dungeon
  4584 | D:5      | Found a transporter.
  4586 | D:5      | Noticed bnorton916's ghost (novice DECj)
  4981 | D:5      | Reached XP level 7. HP: 49/57 MP: 11/16
  5281 | D:5      | Reached skill level 4 in Spellcasting
  5465 | D:5      | Found a transporter.
  5768 | D:6      | Noticed a steam dragon
  5828 | D:6      | Killed a steam dragon
  6749 | D:6      | Reached XP level 8. HP: 60/67 MP: 18/18
  7395 | D:6      | Reached skill level 5 in Spellcasting
  7909 | D:7      | Reached skill level 5 in Fighting
  8271 | D:7      | Reached skill level 1 in Maces & Flails
  8919 | D:8      | Noticed a purple ugly thing
  9268 | D:3      | Killed Sigmund
  9269 | D:3      | Reached XP level 9. HP: 72/74 MP: 13/20
  9810 | D:8      | Noticed a red ugly thing
  9840 | D:8      | Learned a level 4 spell: Summon Ice Beast
  9875 | D:9      | Noticed an elephant
  9885 | D:9      | Noticed a death yak
 10238 | D:9      | Reached skill level 1 in Summonings
 10405 | D:9      | Killed a death yak
 10406 | D:9      | Reached skill level 6 in Spellcasting
 10586 | D:9      | Found a staircase to the Lair.
 10679 | D:9      | Killed an elephant
 11144 | D:9      | Reached XP level 10. HP: 73/84 MP: 24/24
 11456 | D:10     | Entered Level 10 of the Dungeon
 11530 | D:10     | Noticed a two-headed ogre
 11543 | D:10     | Killed a two-headed ogre
 11544 | D:10     | Reached skill level 1 in Long Blades
 12208 | D:10     | Found a staircase to the Orcish Mines.
 12309 | D:10     | Reached skill level 7 in Spellcasting
 12467 | D:10     | Identified the +8 flail of the Seven Bones {venom, rC+
                  | Dex+7}
 12504 | D:10     | Noticed a two-headed ogre
 12578 | D:10     | Reached skill level 5 in Ice Magic
 12903 | D:10     | Killed a two-headed ogre
 12904 | D:10     | Reached skill level 5 in Summonings
 13138 | D:8      | Noticed a catoblepas
 13187 | D:8      | Killed a red ugly thing
 13647 | D:10     | Reached skill level 1 in Armour
 14030 | D:11     | Noticed a green ugly thing
 14047 | D:11     | Killed a green ugly thing
 14545 | Orc:1    | Entered Level 1 of the Orcish Mines
 14616 | Lair:1   | Entered Level 1 of the Lair of Beasts
 14616 | Lair:1   | Noticed a black mamba
 14633 | D:9      | Killed a black mamba
 15249 | Lair:1   | Reached XP level 11. HP: 92/92 MP: 15/26
 15787 | Lair:1   | Noticed a four-headed hydra
 15808 | Lair:1   | Identified the +4 hand axe of Amafidino {holy, Int+4}
 15829 | Lair:1   | Killed a four-headed hydra
 16068 | Lair:1   | Reached skill level 5 in Maces & Flails
 16072 | Lair:1   | Reached skill level 8 in Spellcasting
 16789 | Lair:1   | Learned a level 3 spell: Frozen Ramparts
 16960 | Lair:2   | Found a runed translucent gate.
 16960 | Lair:2   | Found a runed translucent gate.
 16960 | Lair:2   | Found a runed translucent gate.
 16972 | Lair:2   | Noticed jlumianski's ghost (journeyman DDFi)
 16987 | Lair:2   | You fall into a shaft and drop 2 floors!
 17398 | Lair:4   | Noticed a five-headed hydra
 17411 | Lair:4   | Killed a five-headed hydra
 18699 | Lair:2   | Identified the +0 leather armour "Qohownab" {Rampage rPois
                  | Str-4 Int-2}
 18768 | Lair:2   | Noticed a boulder beetle
 18785 | Lair:2   | Killed a boulder beetle
 18786 | Lair:2   | Reached skill level 1 in Throwing
 18786 | Lair:2   | Reached skill level 1 in Evocations
 18970 | Lair:2   | Noticed a lindwurm
 18980 | Lair:2   | Killed a lindwurm
 18981 | Lair:2   | Reached XP level 12. HP: 25/100 MP: 21/29
 19295 | Lair:2   | Noticed an eight-headed hydra
 19319 | Lair:2   | Killed an eight-headed hydra
 19502 | Lair:2   | Noticed a six-headed hydra
 19542 | Lair:2   | Killed a six-headed hydra
 19734 | Lair:2   | Got the Grimoire of Dusty Orientation
 19738 | Lair:2   | Learned a level 2 spell: Blink
 20024 | Lair:3   | Noticed a catoblepas
 20034 | Lair:3   | Killed a catoblepas
 20167 | Lair:3   | Found a staircase to the Shoals.
 20800 | Lair:3   | Reached skill level 1 in Translocations
 21048 | Lair:3   | Reached skill level 9 in Spellcasting
 21479 | Lair:4   | Found a hole to the Spider Nest.
 21729 | Lair:4   | Noticed a four-headed hydra
 21737 | Lair:4   | Killed a four-headed hydra
 22209 | Lair:4   | Learned a level 5 spell: Borgnjor's Vile Clutch
 22268 | Lair:4   | Noticed a four-headed hydra
 22275 | Lair:4   | Killed a four-headed hydra
 22380 | Lair:4   | Noticed a four-headed hydra
 22393 | Lair:4   | Killed a four-headed hydra
 22856 | Lair:5   | Noticed a four-headed hydra
 23095 | Lair:4   | Learned a level 2 spell: Poisonous Vapours
 23201 | Lair:5   | Got Nirpher's Catalogue of Envenoming
 23377 | Lair:5   | You fall into a shaft and drop 1 floor!
 23377 | Lair:6   | Entered Level 6 of the Lair of Beasts
 23407 | Lair:6   | Reached skill level 1 in Air Magic
 23407 | Lair:6   | Reached skill level 1 in Poison Magic
 23599 | Lair:6   | Found a staircase to the Slime Pits.
 23644 | Lair:5   | Killed a four-headed hydra
 23841 | Lair:5   | Reached XP level 13. HP: 91/105 MP: 15/30
 24404 | Lair:5   | Reached skill level 5 in Evocations
 24537 | Lair:5   | Reached skill level 5 in Throwing
 27253 | Lair:6   | Reached skill level 5 in Stealth
 28144 | Orc:1    | Noticed Sonja
 28740 | D:10     | Noticed Sonja
 28740 | D:10     | Sonja changed into Sonja the rime drake
 28747 | D:10     | Killed Sonja the rime drake
 29228 | Orc:1    | Noticed an orc warlord
 29962 | D:10     | Killed an orc warlord
 29963 | D:10     | Reached skill level 1 in Necromancy
 30476 | Orc:2    | Entered Level 2 of the Orcish Mines
 31053 | Orc:2    | Found a staircase to the Elven Halls.
 32437 | Orc:2    | Found Comuxamp's Magic Scroll Emporium.
 32452 | Orc:2    | Found Giuti's General Store.
 33016 | Orc:2    | Reached skill level 5 in Earth Magic
 33686 | Orc:2    | Reached XP level 14. HP: 112/112 MP: 29/32
 34127 | Orc:2    | Reached skill level 5 in Necromancy
 34512 | Orc:2    | Found Dazeqon's Antique Weapon Shop.
 34512 | Orc:2    | Found a one-way gate leading to the halls of Pandemonium.
 34512 | Orc:2    | Found Cuasur's Jewellery Boutique.
 34770 | Orc:2    | Bought a ring of willpower for 400 gold pieces
 34770 | Orc:2    | Bought the ring of Mirth {rCorr Slay+5} for 768 gold pieces
 34808 | Orc:2    | Bought a scroll of blinking for 112 gold pieces
 34808 | Orc:2    | Bought a scroll of identify for 30 gold pieces
 34808 | Orc:2    | Bought a scroll of identify for 30 gold pieces
 34808 | Orc:2    | Bought a scroll of identify for 30 gold pieces
 34816 | Orc:2    | Learned a level 3 spell: Mephitic Cloud
 34820 | Orc:2    | Learned a level 3 spell: Swiftness
 37827 | D:12     | Reached skill level 10 in Spellcasting
 38381 | D:12     | Reached skill level 1 in Shields
 38854 | D:13     | Identified the +0 scale mail of Sunlight {*Corrode rElec
                  | rF- rN+++}
 40550 | D:13     | Noticed a tengu reaver
 40734 | D:13     | Killed a tengu reaver
 42060 | Spider:1 | Entered Level 1 of the Spider Nest
 43476 | Lair:4   | HP: 3/113 [demonic crawler (5)]
 43476 | Lair:4   | Mangled by a demonic crawler

Illustrated notes

Levels and vault maps discovered:
D:1:      matt_arrival_diagonals, layout_basic, chequers_hall_statues_wall_a
D:2:      layout_loops_ring, serial_rivers, chequers_serial_rivers_micro_a,
          chequers_serial_rivers_micro_e, chequers_serial_rivers_small_a,
          chequers_serial_rivers_large_a, minmay_pentomino_p4
D:3:      layout_basic, lemuel_coloured_pillars_altar,
          shapermc_ecumenical_altar_totnotflames, uniq_sigmund
D:4:      layout_rooms, temple_green, chequers_decorated_corner
D:5:      layout_gridville, gammafunk_ghost_stat_death
D:6:      layout_gridville
D:7:      layout_loops_ring
D:8:      layout_loops_ring, mainiacjoe_overflow_alcove_4, minmay_radiant
D:9:      layout_loops_ring, kennysheep_mini, david_lair_generic,
          kennysheep_generic_room_8
D:10:     layout_small_grid, gammafunk_temple_overflow_pools, serial_park_tiny_1
D:11:     layout_irregular_city, hangedman_decor_opposing, elves_outpost_lemuel
D:12:     layout_roguey, argonaut_gorgonesque
D:13:     minmay_diamond_stairs, layout_gridville, nemelex_spade_bored_becter
D:14:     layout_cave_pools, david_vaults_1, kennysheep_another_room
Temple:   minmay_crystal_spiral_temple
Lair:1:   layout_small_grid, gauntlet_entry_generic, beast_lair_carwin_9
Lair:2:   layout_hall_layers, ebering_ghost_rock_garden,
          minmay_shattered_shrine, grunt_megastairs_1
Lair:3:   layout_cave_pods, elwin_shoals_entry_rooms
Lair:4:   layout_roguey [special_room_bee], spider_nest_entry_webs,
          grunt_megastairs_3
Lair:5:   layout_long_grid, minmay_lindwurm_lava
Lair:6:   gammafunk_lair_ancient_temple, layout_loops_ring, slime_dummy,
          lemuel_fruit_fields
Spider:1: layout_chambers, nicolae_spider_undead_wolf_pack
Orc:1:    layout_diamond_mine, uniq_sonja
Orc:2:    pf_orc_diabolical, layout_caves

Skill      XL: |  1  2  3  4  5  6  7  8  9 10 11 12 13 14 |
---------------+-------------------------------------------+-----
Spellcasting   | 2 3 4 5 6 7 8 9 10 | 10.0
Fighting       | 1 2 3 4 5 6 7 |  7.5
Ice Magic      | 4 5 7 |  7.6
Conjurations   | 1 2 3 4 |  4.9
Earth Magic    | 1 2 3 4 5 8 |  8.6
Maces & Flails | 2 3 4 5 |  5.9
Summonings     | 4 5 7 |  7.6
Long Blades    | 1 |  1.4
Armour         | 2 3 |  3.0
Dodging        | 3 |  3.7
Throwing       | 1 4 6 |  6.5
Evocations     | 1 4 6 |  6.5
Translocations | 3 |  3.0
Stealth        | 3 6 |  6.0
Air Magic      | 1 3 |  3.9
Poison Magic   | 1 3 |  3.9
Necromancy     | 4 7 |  7.7
Shields        | 3 |  3.6

Action                   |  1- 3 |  4- 6 |  7- 9 | 10-12 | 13-15 || total
-------------------------+-------+-------+-------+-------+-------++-------
Melee: Dagger            |    10 |       |       |       |       ||    10
       Unarmed           |     4 |       |       |       |       ||     4
       Short sword       |    74 |   125 |    37 |       |       ||   236
       Long sword        |       |       |    57 |       |       ||    57
       Whip              |       |       |    82 |    42 |       ||   124
       Flail             |       |       |       |   353 |   624 ||   977
Throw: Boomerang         |       |     5 |    10 |     6 |    19 ||    40
       Dart              |       |     9 |    34 |    80 |    44 ||   167
 Cast: Freeze            |    32 |    24 |    36 |    11 |       ||   103
       Stone Arrow       |       |       |    41 |    25 |    56 ||   122
       Summon Ice Beast  |       |       |       |   147 |   231 ||   378
       Frozen Ramparts   |       |       |       |    26 |    29 ||    55
       Poisonous Vapours |       |       |       |       |   227 ||   227
       Mephitic Cloud    |       |       |       |       |    15 ||    15
       Blink             |       |       |       |       |     5 ||     5
Evoke: Wand              |       |     3 |     2 |    14 |    15 ||    34
  Use: Scroll            |       |       |     4 |    10 |    18 ||    32
       Potion            |       |       |       |     1 |     4 ||     5
 Stab: Sleeping          |     6 |     4 |     4 |     7 |     2 ||    23
       Distracted        |       |       |     1 |     3 |     8 ||    12
       Paralysed         |       |       |       |     2 |       ||     2
       Confused          |       |       |       |       |     3 ||     3
Armor: Robe              |    14 |     5 |       |       |       ||    19
       Leather armour    |       |    25 |   125 |   231 |   192 ||   573
       Troll leather arm |       |       |       |       |   152 ||   152
Dodge: Dodged            |    49 |    56 |   150 |   318 |   614 ||  1187
       Rpst.: Long sword |       |       |    21 |       |       ||    21
